 Dungeon Crawl Stone Soup version 0.17-a0-1667-g4ca74a1 (webtiles) character file.

698 Grimur the Skirmisher (level 7, 0/94 HPs)
             Began as a Minotaur Berserker on Aug 16, 2015.
             Was an Elder of Trog.
             Slain by a wight
             ... wielding a +3 halberd
              (4 damage)
             ... on level 6 of the Dungeon on Aug 17, 2015.
             The game lasted 00:18:49 (5047 turns).

Grimur the Skirmisher (Minotaur Berserker)          Turns: 5047, Time: 00:18:50

Health: 0/94       AC: 15    Str: 27    XL:     7   Next: 38%
Magic:  6/6        EV: 10    Int:  4    God:    Trog [****..]
Gold:   264        SH:  0    Dex:  9    Spells: 0 memorised, 6 levels left

rFire  . . .     SeeInvis .     q - -1 flail (curse)
rCold  + . .     Clarity  .     f - +2 chain mail {rC+}
rNeg   + . .     SustAt   .     (no shield)
rPois  +         Gourm    .     (helmet restricted)
rElec  .         Spirit   .     m - +1 cloak
rCorr  .         Warding  +     i - +0 pair of gloves
rMut   .         Stasis   .     (no boots)
MR     .....                    e - amulet of warding
Stlth  ..........               y - ring of poison resistance (curse)
                                x - -2 ring of strength (curse)

@: berserking, very quick, not resistant to hostile enchantments, extremely
unstealthy
A: retaliatory headbutt, horns 2
a: Burn Spellbooks, Berserk, Trog's Hand, Brothers in Arms, Renounce Religion


You were on level 6 of the Dungeon.
You worshipped Trog.
Trog was greatly pleased with you.
You were not hungry.

You visited 2 branches of the dungeon, and saw 7 of its levels.

You collected 264 gold pieces.

Inventory:

Hand weapons
 a - a +1 hand axe
 l - a +0 hammer
 q - a cursed -1 flail (weapon)
 r - a +0 shortbow
Missiles
 n - 22 bolts
 u - 15 arrows
Armour
 f - a +2 chain mail of cold resistance (worn)
 i - a +0 pair of gloves (worn)
 m - a +1 cloak (worn)
 o - a +0 plate armour
Jewellery
 e - an amulet of warding (around neck)
 w - a +4 ring of intelligence
 x - a cursed -2 ring of strength (left hand)
 y - a cursed ring of poison resistance (right hand)
 z - an uncursed ring of protection from cold
Magical devices
 s - a wand of random effects (27)
 t - a wand of draining (10)
Scrolls
 b - a scroll of recharging
 g - 2 scrolls of identify
 p - a scroll of enchant weapon
Potions
 h - 2 potions of heal wounds
 j - a potion of curing
 v - a potion of lignification
Comestibles
 c - 5 bread rations
 d - 3 meat rations
 k - a fruit


   Skills:
 * Level 6.1 Fighting
 * Level 6.0 Axes
 * Level 5.0 Armour
 * Level 5.1 Dodging


You had 6 spell levels left.
You didn't know any spells.

Dungeon Overview and Level Annotations

Branches:
Dungeon (6/15)             Temple (1/1) D:4

Altars:
Ashenzari
Cheibriados
Dithmenos
Elyvilon
Fedhas
Gozag
Kikubaaqudgha
Makhleb
Okawaru
Qazlal
Ru
Sif Muna
Trog
Vehumet
Xom
Yredelemnul
Zin
The Shining One

Shops:
D:5 (


Innate Abilities, Weirdness & Mutations

You reflexively headbutt those who attack you in melee.
You have a pair of horns on your head.


Message History

The wight is severely damaged.
The wight barely misses you. You furiously retaliate!
You headbutt the wight!
You feel the power of Trog in you as your rage grows.
You destroy the wight!
The wight closely misses you. You furiously retaliate!
You headbutt the wight. The wight hits you but does no damage.
You completely miss the wight.
The wight is moderately damaged.
The wight hits you with a war axe.
* * * LOW HITPOINT WARNING * * *
You bludgeon the wight!!
You destroy the wight!
Your Axes skill increases to level 6!
Your base Armour skill increases to level 5!
Your life force feels restored.
The wight hits you with an enchanted halberd!
* * * LOW HITPOINT WARNING * * *
You hit the wight but do no damage.
The wight hits you with an enchanted halberd.
You die...

##.....# ##.....##
##........ ##.....###
#......... #........###
#......... ...........#
?........ #..........#
......... #..........#
#........
#..........#####.z......
#.............##@)......
##.........##....)......
#.........#####........
##........# ##.......
#.....#### ###.##.
#.##### #.. ## #.. .#


You could see a wight.

Vanquished Creatures
  A centaur (D:5)
  4 wights (D:6)
  3 jellies
  Crazy Yiuf (D:3)
  2 hounds
  2 orc wizards (D:4)
  A gnoll (D:6)
  8 adders
  4 oozes
  4 worms
  14 orcs
  6 bats
  7 giant cockroaches
  6 hobgoblins
  6 jackals
  4 kobolds
  2 quokkas
  2 ball pythons
  4 giant geckos
  10 giant newts
  8 goblins
  5 rats
104 creatures vanquished.

Notes
Turn   | Place    | Note
--------------------------------------------------------------
     0 | D:1      | Grimur the Minotaur Berserker began the quest for the Orb.
     0 | D:1      | Reached XP level 1. HP: 19/19 MP: 0/0
   273 | D:1      | Reached XP level 2. HP: 20/27 MP: 1/1
   469 | D:1      | Reached skill level 4 in Axes
   724 | D:2      | Reached XP level 3. HP: 31/33 MP: 2/2
  1282 | D:2      | Acquired Trog's second power
  1373 | D:2      | Found a glowing golden altar of the Shining One.
  1924 | D:3      | Found a bloodstained altar of Trog.
  1933 | D:3      | Reached XP level 4. HP: 36/41 MP: 3/3
  2339 | D:3      | Upgraded the game from 0.17-a0-1663-gb806841 to 0.17-a0-1667-g4ca74a1
  2736 | D:3      | Noticed Crazy Yiuf
  2748 | D:3      | Killed Crazy Yiuf
  2748 | D:3      | Reached XP level 5. HP: 42/47 MP: 4/4
  2983 | D:4      | Found a staircase to the Ecumenical Temple.
  3043 | D:4      | Found an iron altar of Okawaru.
  3061 | D:4      | Found a snail-covered altar of Cheibriados.
  3110 | D:4      | Found a deep blue altar of Sif Muna.
  3331 | D:4      | Reached skill level 5 in Fighting
  3331 | D:4      | Reached skill level 5 in Axes
  3394 | D:4      | Found a shimmering altar of Xom.
  3649 | D:4      | Reached XP level 6. HP: 45/56 MP: 5/5
  3802 | Temple   | Entered the Ecumenical Temple
  4052 | D:5      | Entered Level 5 of the Dungeon
  4234 | D:5      | Found Eraosk's Antique Weapon Shop.
  4968 | D:6      | Acquired Trog's third power
  4975 | D:6      | Reached XP level 7. HP: 53/62 MP: 6/6
  5040 | D:6      | Reached skill level 6 in Fighting
  5040 | D:6      | Reached skill level 5 in Dodging
  5046 | D:6      | Reached skill level 5 in Armour
  5046 | D:6      | HP: 4/94 [wight/enchanted halberd (11)]
  5047 | D:6      | Slain by a wight

Vault maps used:
D:1:      dpeg_arrival_houses_and_road, minmay_misc_feat_more_columns,
          hangedman_decor_points
D:2:      tso_oasis_becter
D:3:      lightli_temple_of_fire, uniq_crazy_yiuf_cottage
D:4:      led_sif_book, xom_butterflies, cheibriados_altar_1,
          old_standard_altar, minmay_temple_entry_overgrown
D:5:      first_bread, serial_shops, shop_statue
D:6:      nemelex_xobeh_ov_fountains_minmay, nicolae_benzene_ring,
          grunt_ministairs_12, nemelex_dance_club_becter
Temple:   chambers_temple_12

Action                   |  1- 3 |  4- 6 |  7- 9 || total
-------------------------+-------+-------+-------++-------
Melee: Hand axe          |    89 |    80 |       ||   169
       Flail             |       |    70 |    12 ||    82
Invok: Berserk           |       |     1 |     1 ||     2
       Burn Spellbooks   |       |     1 |       ||     1
  Use: Scroll            |     7 |     6 |       ||    13
       Potion            |     2 |     3 |       ||     5
  Eat: Chunk             |     3 |     9 |       ||    12
       Fruit             |       |     2 |       ||     2
       Meat ration       |       |       |     1 ||     1
